 Dungeon Crawl Stone Soup version 0.31-a0-229-g1fc7ce93e2 (webtiles) character file.

Game seed: 1486086180694541500

1286 qw the Cleaver (level 8, 0/49 HPs)
             Began as a Gargoyle Fighter on July 6, 2023.
             Shot with an arrow by a centaur (9 damage)
             ... on level 6 of the Dungeon.
             The game lasted 00:01:48 (4567 turns).

qw the Cleaver (Gargoyle Fighter)                   Turns: 4567, Time: 00:01:49

Health: 0/49       AC: 15    Str: 21    XL:     8   Next: 55%
Magic:  8/8        EV:  8    Int: 10    God:
Gold:   259        SH:  4    Dex:  9    Spells: 7/7 levels left

rFire   . . .        Y - +0 war axe (venom)
rCold   . . .        c - +0 buckler
rNeg    + . .        q - +0 chain mail
rPois   inf          n - +0 helmet
rElec   +            (no cloak)
rCorr   .            (no gloves)
SInv    .            (no boots)
Will    .....        (no amulet) Stlth
                     (no ring)
HPRegen 0.28/turn    (no ring)
MPRegen 0.11/turn

%: no passive effects
@: no status effects
A: sickness immunity, AC +5, negative energy resistance 1, electricity
resistance, torment resistance 1, petrification resistance
a: no special abilities


You were on level 6 of the Dungeon.
You visited 1 branch of the dungeon, and saw 6 of its levels.

You collected 346 gold pieces.
You spent 87 gold pieces at shops.


Innate Abilities, Weirdness & Mutations

You are immune to sickness and miasma.
Your stone body is resilient. (AC +5)
You are immune to poison.
You resist negative energy. (rN+)
You are resistant to electric shocks. (rElec)
You are resistant to unholy torment.
You are immune to petrification.


   Skills:
 + Level 5.1 Fighting
 - Level 8.1 Axes
 - Level 2.0 Throwing
 - Level 3.2 Armour
 - Level 2.0 Dodging
 - Level 3.2 Shields


You had 7 spell levels left.
You didn't know any spells.
Your spell library was empty.

Inventory:

Hand Weapons
 b - a +3 flail
 Y - a +0 war axe of venom (weapon)
Missiles
 h - 2 boomerangs (quivered)
 l - 2 javelins
Armour
 c - a +0 buckler (worn)
 f - a +0 cloak
 n - a +0 helmet (worn)
 q - a +0 chain mail (worn)
Scrolls
 a - a scroll of identify
Potions
 d - 2 potions of might
 e - a potion of resistance
 g - a potion of attraction
 i - a potion of curing
 k - a potion of berserk rage {unknown}
 p - a potion of lignification {unknown}
 r - a potion of mutation {unknown}

Dungeon Overview and Level Annotations

Branches:
Dungeon (6/15)             Temple (0/1) D:5

Altars:
Fedhas
Makhleb
Xom

Shops:
D:1 =[!*   D:5 [:

Annotations:
D:6 1 transporter, qw's ghost, novice DEHu


Message History

Enter note: The centaur shoots an arrow.
The arrow hits you.
Enter note:
Enter note:
Enter note:
Enter note:
Enter note:
Enter note:
Enter note:
Enter note:
Enter note:
Enter note: The centaur shoots an arrow.
The arrow hits you. The wight hits you but does no damage.
The centaur shoots an arrow.
The arrow hits you.
Enter note:
Enter note:
Enter note:
Enter note:
Enter note:
Enter note:
Enter note:
Enter note:
Enter note:
Enter note: You hit the wight but do no damage.
The centaur shoots an arrow.
The arrow hits you. The wight hits you with a +0 falchion!
The centaur shoots an arrow.
The arrow closely misses you. The wight hits you with a +0 falchion!
You hit the wight.
The wight is moderately damaged.
You closely miss the wight. You hit the wight.
The centaur shoots an arrow.
The arrow hits you but does no damage. You block the wight's attack.
The wight closely misses you. The wight hits you but does no damage.
You closely miss the wight.
The wight is moderately damaged.
You barely miss the wight. You hit the wight but do no damage.
The centaur shoots an arrow.
The arrow hits you!
You die...

............#
............#
....>.......#
............#
............#
####
.........!..#...#
...#
.......zz...#...#
...#
..c....@z...#...#
...#
............#...#
...#
............#...#
...#
............#...#
...#
......##...##...#
...# ..###+
#...##...# ...# #
#........# ...#
#........# ...#
#...#######


You could see a centaur and 3 wights.

Vanquished Creatures
  Eustachio (D:4)
  A sky beast (D:6)
  2 black bears
  3 scorpions (D:5)
  4 wights (D:6)
  A crimson imp (D:4)
  An orc priest (D:5)
  A hound (D:4)
  5 iguanas
  Jessica (D:2)
  Ijyb (D:4)
  2 sleepcaps
  Terence (D:2)
  Robin (D:4)
  7 adders
  A white imp (D:5)
  A worm (D:4)
  3 dart slugs
  5 orcs
  7 ball pythons
  4 bats
  2 endoplasms
  A giant cockroach (D:1)
  22 goblins
  5 hobgoblins
  A quokka (D:3)
  2 frilled lizards
  3 kobolds
  6 rats
95 creatures vanquished.

Notes
Turn   | Place    | Note
-------+----------+-------------------------------------------
     0 | D:1      | qw the Gargoyle Fighter began the quest for the Orb.
     0 | D:1      | Reached XP level 1. HP: 14/14 MP: 1/1
     0 | D:1      | 0 ||| qw: Version: 0.3-a-46-gb1f654a
     0 | D:1      | 0 ||| qw: Game counter: 1087
     0 | D:1      | 0 ||| qw: Melee chars always use a shield: true
     0 | D:1      | 0 ||| qw: God list: Okawaru
     0 | D:1      | 0 ||| qw: Allow faded altars: false
     0 | D:1      | 0 ||| qw: Do Orc after clearing Dungeon:15 true
     0 | D:1      | 0 ||| qw: Do second Lair branch before Depths: true
     0 | D:1      | 0 ||| qw: Lair rune preference: random
     0 | D:1      | 0 ||| qw: Goals: Normal, Zot:1-4, Slime:5, God:TSO, Crypt,
                  | Tomb, Abyss, Pan, Hells, Win
     0 | D:1      | 0 ||| PLANNING D:1-11
    76 | D:1      | Found Fiwk's General Store.
    80 | D:1      | 80 ||| SHOPLISTING +6 ring of strength (432 gold, have 0).
    80 | D:1      | 80 ||| SHOPLISTING potion of enlightenment (60 gold, have
                  | 0).
    80 | D:1      | 80 ||| SHOPLISTING potion of heal wounds (60 gold, have 0).
   178 | D:1      | Found Xilo's Armour Shop.
   186 | D:1      | 186 ||| SHOPLISTING +0 helmet (58 gold, have 11).
   204 | D:1      | Reached skill level 2 in Axes
   210 | D:1      | Reached XP level 2. HP: 11/19 MP: 2/2
   307 | D:1      | Found Raroffel's Jewellery Emporium.
   338 | D:1      | 338 ||| SHOPLISTING +5 ring of evasion (504 gold, have 45).
   338 | D:1      | 338 ||| SHOPLISTING amulet "Qatof" {Spirit rPois Regen+
                  | Str+2 Dex+3} (723 gold, have 45).
   338 | D:1      | 338 ||| SHOPLISTING amulet of regeneration (420 gold, have
                  | 45).
   338 | D:1      | 338 ||| SHOPLISTING ring of ice (350 gold, have 45).
   338 | D:1      | 338 ||| SHOPLISTING ring of protection from fire (350 gold,
                  | have 45).
   376 | D:1      | Found Zifod's Distillery.
   381 | D:1      | 381 ||| BUYING potion of curing (33 gold).
   381 | D:1      | Bought a potion of curing for 33 gold pieces
   381 | D:1      | 381 ||| SHOPLISTING potion of enlightenment (55 gold, have
                  | 12).
   381 | D:1      | 381 ||| SHOPLISTING potion of haste (110 gold, have 12).
   381 | D:1      | 381 ||| SHOPLISTING potion of heal wounds (55 gold, have
                  | 12).
   381 | D:1      | 381 ||| SHOPLISTING potion of mutation (88 gold, have 12).
   457 | D:1      | 457 ||| Stepping ~*~*~tactically~*~*~ (hiding).
   760 | D:1      | Found a faded altar of an unknown god.
   911 | D:1      | 911 ||| Stepping ~*~*~tactically~*~*~ (stealth).
   918 | D:1      | 918 ||| READING scroll labelled KACVOA DAIREDOGH.
   919 | D:1      | 919 ||| READING scroll labelled REACYA UTZYDD.
   975 | D:2      | Reached skill level 3 in Axes
   975 | D:2      | Reached XP level 3. HP: 21/23 MP: 3/3
  1003 | D:2      | Noticed Terence
  1017 | D:2      | Killed Terence
  1018 | D:2      | Reached XP level 4. HP: 20/28 MP: 4/4
  1087 | D:2      | 1087 ||| Stepping ~*~*~tactically~*~*~ (stealth).
  1122 | D:2      | 1122 ||| Stepping ~*~*~tactically~*~*~ (hiding).
  1251 | D:2      | Noticed Jessica
  1252 | D:2      | 1252 ||| Stepping ~*~*~tactically~*~*~ (hiding).
  1257 | D:2      | Killed Jessica
  1258 | D:2      | Reached skill level 4 in Axes
  1841 | D:2      | 1841 ||| DROPPING amulet of magic regeneration.
  1842 | D:2      | 1842 ||| READING 2 scrolls of identify.
  1842 | D:2      | 1842 ||| IDENTIFYING murky puce potion
  1913 | D:3      | Reached XP level 5. HP: 32/32 MP: 5/5
  1961 | D:3      | 1961 ||| Stepping ~*~*~tactically~*~*~ (stealth).
  1974 | D:3      | 1974 ||| Stepping ~*~*~tactically~*~*~ (stealth).
  1988 | D:3      | 1988 ||| DROPPING +0 club.
  2210 | D:3      | 2210 ||| READING scroll labelled ZORISI GEZ.
  2211 | D:3      | 2211 ||| READING scroll labelled ASAISA FIVUFYMI.
  2212 | D:3      | 2212 ||| READING scroll labelled PEL AXZOXEOTU.
  2213 | D:3      | 2213 ||| READING 2 scrolls of identify.
  2213 | D:3      | 2213 ||| IDENTIFYING metallic clear potion
  2268 | D:4      | Noticed Eustachio
  2285 | D:4      | Killed Eustachio
  2286 | D:4      | Reached skill level 5 in Axes
  2286 | D:4      | Reached XP level 6. HP: 15/37 MP: 6/6
  2496 | D:4      | Reached skill level 1 in Throwing
  2558 | D:4      | Found a burning altar of Makhleb.
  2558 | D:4      | Found a shimmering altar of Xom.
  2601 | D:4      | Noticed Robin
  2616 | D:4      | Killed Robin
  2820 | D:4      | Noticed a black bear
  2824 | D:4      | Killed a black bear
  2825 | D:4      | Reached XP level 7. HP: 43/43 MP: 7/7
  2826 | D:4      | Found a blossoming altar of Fedhas.
  3014 | D:4      | Noticed Ijyb
  3015 | D:4      | 3015 ||| Stepping ~*~*~tactically~*~*~ (hiding).
  3016 | D:4      | 3016 ||| Stepping ~*~*~tactically~*~*~ (hiding).
  3018 | D:4      | 3018 ||| Stepping ~*~*~tactically~*~*~ (hiding).
  3024 | D:4      | 3024 ||| FLEEEEING.
  3025 | D:4      | 3025 ||| FLEEEEING.
  3026 | D:4      | 3026 ||| FLEEEEING.
  3027 | D:4      | 3027 ||| FLEEEEING.
  3028 | D:4      | 3028 ||| FLEEEEING.
  3029 | D:4      | 3029 ||| FLEEEEING.
  3030 | D:4      | 3030 ||| FLEEEEING.
  3031 | D:4      | 3031 ||| FLEEEEING.
  3032 | D:4      | 3032 ||| FLEEEEING.
  3033 | D:4      | 3033 ||| FLEEEEING.
  3034 | D:4      | 3034 ||| FLEEEEING.
  3035 | D:4      | 3035 ||| FLEEEEING.
  3039 | D:4      | 3039 ||| FLEEEEING.
  3053 | D:4      | 3053 ||| FLEEEEING.
  3103 | D:4      | Killed Ijyb
  3279 | D:4      | 3279 ||| UPGRADING to +0 helmet.
  3284 | D:4      | 3284 ||| READING scroll labelled BILA ZEBRUROSE.
  3288 | D:4      | 3288 ||| READING scroll labelled YXOOMI POMUGO.
  3289 | D:4      | 3289 ||| READING 2 scrolls labelled HOLLEF BESONUO.
  3290 | D:4      | 3290 ||| DROPPING +0 flail.
  3291 | D:4      | 3291 ||| READING scroll of brand weapon.
  3291 | D:4      | 3291 ||| BRANDING +0 war axe of flaming.
  3302 | D:4      | 3302 ||| DRINKING 2 sapphire potions.
  3329 | D:5      | Entered Level 5 of the Dungeon
  3338 | D:5      | Reached skill level 6 in Axes
  3351 | D:5      | Found Jogrun's Armour Shoppe.
  3358 | D:5      | Found a staircase to the Ecumenical Temple.
  3359 | D:5      | 3359 ||| PLANNING TEMPLE
  3360 | D:5      | 3360 ||| BUYING +0 chain mail (54 gold).
  3360 | D:5      | Bought a +0 chain mail for 54 gold pieces
  3449 | D:5      | 3449 ||| Stepping ~*~*~tactically~*~*~ (stealth).
  3507 | D:5      | Reached skill level 7 in Axes
  3626 | D:5      | Found Louz Gyg's Book Boutique.
  3642 | D:5      | Reached XP level 8. HP: 41/48 MP: 8/8
  3679 | D:5      | 3679 ||| READING scroll of brand weapon.
  3679 | D:5      | 3679 ||| BRANDING +0 war axe of protection.
  3889 | D:5      | 3889 ||| Stepping ~*~*~tactically~*~*~ (stealth).
  3902 | D:5      | 3902 ||| DROPPING +0 club.
  3903 | D:5      | 3903 ||| DROPPING +0 whip.
  4020 | D:5      | 4020 ||| UPGRADING to +0 chain mail.
  4030 | D:5      | 4030 ||| DROPPING +0 scale mail.
  4031 | D:5      | 4031 ||| READING scroll labelled GUENIU YNENLA.
  4232 | D:6      | HP: 12/49 [wight/+0 halberd (5)]
  4233 | D:6      | 4233 ||| DRINKING potion of heal wounds.
  4244 | D:6      | Reached skill level 8 in Axes
  4349 | D:6      | 4349 ||| DROPPING +0 mace.
  4400 | D:6      | 4400 ||| READING 2 scrolls of identify.
  4400 | D:6      | 4400 ||| IDENTIFYING inky potion
  4401 | D:6      | 4401 ||| DROPPING potion of ambrosia.
  4409 | D:6      | 4409 ||| STAIRDANCE
  4510 | D:6      | Found a transporter.
  4513 | D:6      | Noticed qw's ghost (novice DEHu)
  4565 | D:6      | HP: 9/49 [wight/+0 falchion (7)]
  4567 | D:6      | Shot with an arrow by a centaur

Levels and vault maps discovered:
D:1:      wheals_arrival_shading, layout_basic, serial_shops, shop, shop, shop,
          shop, hellmonk_ecumenical_altar_heavens_door, minmay_box_of_dots
D:2:      layout_basic, uniq_jessica, uniq_terence
D:3:      layout_rooms
D:4:      layout_gridville, grunt_temple_overflow_champion_of_chaos,
          fedhas_altar_1, uniq_robin, uniq_ijyb, uniq_eustachio
D:5:      layout_basic, minmay_temple_entry_from_below_a, serial_shops, shop,
          shop_statue, st_stairs_6
D:6:      minmay_clustersquares, layout_gridville, gammafunk_ghost_stat_death,
          columned_hall_lemuel

Skill      XL: |  1  2  3  4  5  6  7  8 |
---------------+-------------------------+-----
Axes           | 2 3 4 5 7 8 |  8.1
Throwing       | 1 2 |  2.0
Fighting       | 4 5 |  5.1
Dodging        | 2 |  2.0
Armour         | |  3.2
Shields        | |  3.2

Action                     |  1- 3 |  4- 6 |  7- 9 || total
---------------------------+-------+-------+-------++-------
  Melee: War axe           |    56 |    77 |   113 ||   246
  Throw: Boomerang         |       |    21 |     6 ||    27
         Javelin           |       |    32 |    16 ||    48
    Use: Scroll            |     2 |     5 |     7 ||    14
         Potion            |       |       |     2 ||     2
 Armour: Scale mail        |    38 |    42 |    36 ||   116
         Skin              |       |       |    12 ||    12
         Chain mail        |       |       |    21 ||    21
  Dodge: Dodged            |    24 |    35 |    44 ||   103
  Block: Buckler           |    14 |    23 |    18 ||    55

Table legend:
 A = Non-vault XP
 B = Vault XP
 C = Vault XP percentage of total XP
 D = Non-vault monster count
 E = Vault monster count
 F = Vault count percentage of total count
                 A         B        C        D         E       F
            +---------+---------+-------+---------+---------+-------
      Total |    1335 |     503 |  27.4 |      71 |      24 |  25.3
            +---------+---------+-------+---------+---------+-------
        D:1 |      21 |       7 |  25.0 |      12 |       4 |  25.0
        D:2 |      56 |      69 |  55.2 |      13 |       2 |  13.3
        D:3 |      28 |       0 |   0.0 |      10 |       0 |   0.0
        D:4 |     240 |     311 |  56.4 |      15 |      16 |  51.6
        D:5 |     449 |     116 |  20.5 |      12 |       2 |  14.3
        D:6 |     541 |       0 |   0.0 |       9 |       0 |   0.0
            +---------+---------+-------+---------+---------+-------
